 Dungeon Crawl Stone Soup version 0.25.0-26-g0c896c7088 (webtiles) character file.

Game seed: 8822771027083144116

337 lepoulpe303 the Sneak (level 6, -5/30 HPs)
             Began as a Spriggan Enchanter on July 2, 2020.
             Slain by a big kobold
             ... wielding a +1 whip of distortion
              (19 damage)
             ... on level 3 of the Dungeon.
             The game lasted 00:14:12 (4028 turns).

lepoulpe303 the Sneak (Spriggan Enchanter)          Turns: 4028, Time: 00:14:12

Health: -5/30      AC:  2    Str:  4    XL:     6   Next: 28%
Magic:  11/13      EV: 19    Int: 18    God:
Gold:   156        SH:  0    Dex: 17    Spells: 5/14 levels left

rFire    . . .     SeeInvis +   a - +0 short sword (freeze)
rCold    . . .     Gourm    .   (shield restricted)
rNeg     . . .     Faith    .   d - +0 robe
rPois    .         Spirit   .   (helmet restricted)
rElec    .         Reflect  .   (no cloak)
rCorr    .         Harm     .   (gloves unavailable)
MR       +....                  (boots unavailable)
Stlth    +++.......             (no amulet)
HPRegen  0.10/turn              (no ring)
MPRegen  0.13/turn              (no ring)

@: very slightly contaminated, lightly drained, very quick
A: very small, unfitting armour, see invisible, herbivore, speed 3, slow
metabolism 2
a: no special abilities


You were on level 3 of the Dungeon.
You were hungry.

You visited 1 branch of the dungeon, and saw 3 of its levels.

You collected 156 gold pieces.

Inventory:

Hand Weapons
 a - a +0 short sword of freezing (weapon)
 n - a +1 dagger
Armour
 d - a +0 robe (worn)
Wands
 o - a wand of acid (9)
Scrolls
 b - 2 scrolls of teleportation {unknown}
 c - a scroll of identify {unknown}
 f - a scroll of noise {unknown}
 g - a scroll of amnesia {unknown}
 i - a scroll of immolation {unknown}
 k - a scroll of enchant weapon {unknown}
 l - a scroll of remove curse {unknown}
Potions
 h - a potion of stabbing {unknown}
 j - a potion of curing {unknown}
 m - a potion of flight {unknown}
Comestibles
 e - 7 rations


   Skills:
 + Level 1.4(0.9) Fighting
 * Level 3.2(2.7) Short Blades
 + Level 4.2(3.7) Dodging
 + Level 5.6(5.1) Stealth
 * Level 4.5(3.9) Spellcasting
 * Level 5.1(4.5) Hexes


You had 5 spell levels left.
You knew the following spells:

 Your Spells              Type           Power        Failure   Level  Hunger
a - Ensorcelled Hibernat  Hex/Ice        ##....       9%          2    ##.....
b - Tukima's Dance        Hex            ###.....     7%          3    ###....
c - Confusing Touch       Hex            ###.....     7%          3    ###....
v - Corona                Hex            ###....      2%          1    None

Your spell library contained the following spells:

 Spells                   Type           Power        Failure   Level  Hunger
 Dazzling Flash           Conj/Hex       ##....       17%         3    ###....


Dungeon Overview and Level Annotations

Branches:
Dungeon (3/15)

Altars:
Zin

Annotations:
D:3 xccam's ghost, amateur OpTm


Innate Abilities, Weirdness & Mutations

You are very small and have problems with some larger weapons.
You are too small for most types of armour.
You have supernaturally acute eyesight. (SInv)
You are a herbivore.
You cover ground extremely quickly.
You need to consume almost no food.


Message History

Okay, then.
That would be overly suicidal.
Okay, then.
Unknown command.
You hit the big kobold but do no damage.
The big kobold closely misses you.
You barely miss the big kobold. The kobold misses you.
The big kobold closely misses you.
You closely miss the big kobold. The big kobold barely misses you.
You hit the big kobold. You freeze the big kobold.
You kill the big kobold!
Your base Hexes skill increases to level 5!
The big kobold throws a curare-tipped dart.
The curare-tipped dart completely misses you.
The kobold closely misses you.
The big kobold hits you with a +1 whip of distortion.
* * * LOW HITPOINT WARNING * * *
Space warps horribly around you!!
Ouch! That really hurt!
You die...

#.#####..# #.#.#
#.....#### #.#.#
#........# #K#.#
##.......# #K#.#
##.......# #K#.#
##.......# #...#
##......)# #####..###
.........###...KW...#
...............K@...#
....................#
....................#
...####.........((..#
#### ##..[...#.....#
#......#.....#
#......#.....##
########......#......#
..............#...#).#


You could see 2 big kobolds, xccam's ghost and 3 kobolds.

Levels and vault maps discovered:
D:1:      lemuel_arrival_cross, layout_basic, minmay_tiny_reverse_x
D:2:      layout_rooms, zin_academy, minivault_25, st_stairs_13,
          chequers_avenue, uniq_jessica, uniq_natasha
D:3:      layout_basic, gammafunk_ghost_nasty_kobolds

Notes
Turn   | Place    | Note
-------+----------+-------------------------------------------
     0 | D:1      | lepoulpe303 the Spriggan Enchanter began the quest for the
                  | Orb.
     0 | D:1      | Reached XP level 1. HP: 9/9 MP: 5/5
   406 | D:1      | HP: 2/9 [kobold (3)]
   545 | D:1      | Reached XP level 2. HP: 7/13 MP: 6/6
   549 | D:1      | Learned a level 2 spell: Ensorcelled Hibernation
   937 | D:1      | Reached skill level 3 in Spellcasting
  1328 | D:1      | Identified a +0 dagger
  1521 | D:2      | Identified a +0 club
  1522 | D:2      | Noticed Natasha
  1560 | D:2      | Identified a cursed -1 club
  1562 | D:2      | Reached skill level 4 in Hexes
  1601 | D:2      | Identified a +0 club
  1606 | D:2      | Identified a +0 dagger
  1615 | D:2      | Reached XP level 3. HP: 16/16 MP: 8/8
  1626 | D:2      | Learned a level 3 spell: Confusing Touch
  1668 | D:2      | Identified a +0 dagger
  1668 | D:2      | Identified a +0 robe
  1668 | D:2      | Noticed Jessica
  1676 | D:2      | Killed Jessica
  1676 | D:2      | Reached skill level 2 in Short Blades
  1742 | D:2      | Identified a +0 dagger
  1760 | D:2      | Reached XP level 4. HP: 15/21 MP: 4/10
  1765 | D:2      | Learned a level 3 spell: Tukima's Dance
  1901 | D:2      | Reached skill level 5 in Stealth
  1911 | D:2      | Identified a cursed -2 dagger
  1911 | D:2      | Identified a +0 ring mail
  2207 | D:2      | Found a glowing silver altar of Zin.
  2298 | D:2      | Killed Natasha
  2422 | D:3      | Reached skill level 1 in Fighting
  2520 | D:3      | Identified a +0 halberd
  2520 | D:3      | Identified a +0 flail
  2522 | D:3      | Identified a +0 spear
  2543 | D:3      | Reached XP level 5. HP: 25/25 MP: 6/11
  2720 | D:3      | Identified a +0 dagger
  2726 | D:3      | Reached skill level 4 in Spellcasting
  2855 | D:3      | Identified a +0 hand axe
  2855 | D:3      | Identified a +0 chain mail
  3113 | D:3      | Identified a +0 hand axe
  3210 | D:3      | Identified a +0 club
  3210 | D:3      | Identified a +0 trident
  3225 | D:3      | Identified a +0 hand axe
  3225 | D:3      | Identified a +0 leather armour
  3226 | D:3      | Identified a +0 short sword of freezing
  3302 | D:3      | HP: 6/25 [bullfrog (8)]
  3304 | D:3      | Reached skill level 3 in Short Blades
  3304 | D:3      | Reached skill level 4 in Dodging
  3584 | D:3      | Found a runed translucent gate.
  3584 | D:3      | Identified a +2 whip of draining
  3585 | D:3      | Found a runed translucent gate.
  3585 | D:3      | Found a runed translucent gate.
  3585 | D:3      | Identified a +0 whip
  3585 | D:3      | Identified a +0 dagger of distortion
  3586 | D:3      | Noticed xccam's ghost (amateur OpTm)
  3586 | D:3      | Identified a +1 whip of distortion
  3587 | D:3      | Identified a +0 short sword
  3587 | D:3      | Identified a +0 short sword
  3589 | D:3      | Identified a +0 dagger
  3610 | D:3      | Identified a +0 club
  3812 | D:3      | Identified a +0 short sword
  3835 | D:3      | Reached XP level 6. HP: 22/30 MP: 7/13
  4028 | D:3      | Reached skill level 5 in Hexes
  4028 | D:3      | Slain by a big kobold

Table legend:
 A = Turns spent in this place as a percentage of turns spent in the entire game.
 B = Non-inter-level travel turns spent in this place as a percentage of non-inter-level travel turns spent in the entire game.
 C = Inter-level travel turns spent in this place as a percentage of turns spent in this place.
 D = Turns resting spent in this place as a percentage of non-inter-level travel turns spent in this place.
 E = Turns spent auto-exploring this place as a percentage of non-inter-level travel turns spent in this place.
 F = Non-inter-level travel turns spent in this place divided by the number of levels of this place that you've seen.
                   A       B       C       D       E      F
               +-------+-------+-------+-------+-------+----------------------
         Total | 100.0 | 100.0 |   3.3 |  36.2 |  38.2 | 1299.0
       Dungeon | 100.0 | 100.0 |   3.3 |  36.2 |  38.2 | 1299.0
               +-------+-------+-------+-------+-------+----------------------

Table legend:
 A = Kills in this place as a percentage of kills in entire the game.
 B = Kills by you in this place as a percentage of kills by you in the entire game.
 C = Kills by friends in this place as a percentage of kills by friends in the entire game.
 D = Other kills in this place as a percentage of other kills in the entire game.
 E = Experience gained in this place as a percentage of experience gained in the entire game.
 F = Experience gained in this place divided by the number of levels of this place that you have seen.
                   A       B       C       D       E      F
               +-------+-------+-------+-------+-------+----------------------
         Total | 100.0 | 100.0 |   N/A |   N/A | 100.0 | 160.7
       Dungeon | 100.0 | 100.0 |   N/A |   N/A | 100.0 | 160.7
               +-------+-------+-------+-------+-------+----------------------

Skill      XL: |  1  2  3  4  5  6 |
---------------+-------------------+-----
Spellcasting   | 3 4 |  4.5
Hexes          | 4 5 |  5.1
Short Blades   | 2 3 |  3.2
Stealth        | 5 |  5.6
Fighting       | 1 |  1.4
Dodging        | 4 |  4.2

Action                   |  1- 3 |  4- 6 || total
-------------------------+-------+-------++-------
Melee: Dagger            |   162 |   109 ||   271
       Short sword       |       |    69 ||    69
 Cast: Ensorcelled Hiber |     3 |    28 ||    31
       Confusing Touch   |       |     1 ||     1
 Stab: Sleeping          |    10 |    14 ||    24
       Distracted        |     1 |       ||     1
       Confused          |       |     1 ||     1
  Eat: Ration            |       |     1 ||     1
Armor: Robe              |    16 |    18 ||    34
Dodge: Dodged            |   159 |   140 ||   299

Vanquished Creatures
  A big kobold (D:3)
  A bullfrog (D:3)
  Jessica (D:2)
  Natasha (D:2)
  A worker ant (D:2)
  3 gnolls (D:3)
  3 adders (D:3)
  An ooze (D:2)
  2 worms (D:2)
  2 leopard geckos
  6 orcs (D:3)
  3 giant cockroaches
  8 goblins
  4 hobgoblins
  3 jackals (D:3)
  A ball python (D:2)
  7 bats
  3 frilled lizards
  7 kobolds
  10 rats
68 creatures vanquished.

Vanquished Creatures (others)
  2 fungi (D:3)
  2 plants (D:3)
4 creatures vanquished.

Grand Total: 72 creatures vanquished
